 Dungeon Crawl Stone Soup version 0.13-a0-2318-gf5ad1f9 (webtiles) character file.

677 Lekart the Skirmisher (level 7, -4/75 HPs)
             Began as a Yellow Draconian Chaos Knight on July 10, 2013.
             Was a Plaything of Xom.
             Slain by a shadow (30 damage)
             ... summoned by the capriciousness of Xom
             ... on Level 4 of the Dungeon.
             The game lasted 00:15:55 (2742 turns).

Lekart the Skirmisher (DrCK)                        Turns: 2742, Time: 00:15:55

HP  -4/75        AC 20     Str 16      XL: 7   Next:  6%
MP   7/7         EV  4     Int 12      God: Xom
Gold 131         SH  0     Dex 13      Spells:  0 memorised,  6 levels left

Res.Fire  : . . .   See Invis. : .   a - +0 hand axe (chaos) {=f}
Res.Cold  : . . .   Warding    : .   (armour unavailable)
Life Prot.: + . .   Conserve   : .   (no shield)
Res.Poison: +       Res.Corr.  : +   n - +2 wizard hat
Res.Elec. : +       Clarity    : .   o - +0 cloak
Sust.Abil.: . .     Spirit.Shd : .   x - melded +0 pair of gloves
Res.Mut.  : .       Stasis     : .   (boots currently unavailable)
Res.Rott. : +       Flight     : .   u - amulet of the gourmand
Gourmand  : +                        (no ring)
                                     b - +3 ring of dexterity

@: statue-form, about to teleport, constricted, very slow, slightly resistant to
hostile enchantments, unstealthy
A: (spit acid), acid resistance, unfitting armour, horns 1, slow healing 1, Dex
-1
a: Renounce Religion


You were on level 4 of the Dungeon.
You worshipped Xom.
You were a toy of Xom.
You were very full.
You were a stone statue.
You visited 1 branch of the dungeon, and saw 4 of its levels.

You collected 111 gold pieces.

Inventory:

Hand weapons
 a - a +0,+0 hand axe of chaos (weapon) {=f}
Armour
 n - a +2 wizard hat (worn)
 o - a +0 cloak (worn)
 x - a +0 pair of gloves (melded)
Magical devices
 y - a wand of cold (1)
Comestibles
 c - 3 bread rations
 d - 2 meat rations
 h - an apricot
 l - a pear
 m - a banana
Scrolls
 e - a scroll of curse weapon {unknown}
 i - a scroll of curse jewellery {unknown}
 j - 4 scrolls of teleportation
 k - 2 scrolls of enchant weapon II
 t - 2 scrolls of remove curse
 w - 2 scrolls of identify
Jewellery
 b - a +3 ring of dexterity (left hand)
 p - an uncursed amulet of faith
 r - an uncursed amulet of stasis
 u - an amulet of the gourmand (around neck)
 v - an uncursed amulet of resist mutation {unknown}
Potions
 f - 2 potions of curing
 g - a potion of speed {unknown}
 s - a potion of cure mutation {unknown}
Magical staves
 q - an uncursed staff of power {unknown}


   Skills:
 + Level 5.2 Fighting
 + Level 4.5 Axes
 * Level 4.8 Dodging
 + Level 2.4 Unarmed Combat


You had 6 spell levels left.
You didn't know any spells.

Dungeon Overview and Level Annotations

Branches:
Dungeon (4/27)
 Temple: D:4-7

Altars:


Innate Abilities, Weirdness & Mutations

((You can spit globs of acid.))*
((You can corrode armour when you spit acid.))*
You are resistant to acid.*
((Your golden yellow scales are hard (AC +6).))*
Your body does not fit into most forms of armour.
Your cold-blooded metabolism reacts poorly to cold.
You have a pair of small horns on your head.*
You are clumsy (Dex -1).
You heal slowly.


Message History

You escape the ball python's grasp.
The shadow strikes at you from the darkness!
Reactivating autopickup.
Read which item? (? for menu, Esc to quit)
As you read the scroll of teleportation, it crumbles to dust.
You feel strangely unstable. Xom's power flows through you!
You turn into a living statue of rough stone.
Your +0 pair of gloves melds into your body.
The ball python bites you but does no damage.
The ball python grabs you. The ball python constricts you.
The shadow slips into darkness!
Deactivating autopickup; reactivate with Ctrl-A.
The shadow slips into darkness!
You barely miss it. You hit the ball python. You burn the ball python.
The ball python is severely wounded.
The ball python bites you but does no damage.
The ball python constricts you.
The shadow strikes at you from the darkness!
You die...

#...........+...............
######......#...........###.
#.......#..............
#.......#.####...######
##+####..........#
####.....).## ........{..#
############%###
#....8.?...#.######.
.........S..(...........
###.##.....#.#.######. #
#.......#.# #####.###.# S
#.# #(# #.# #+# #.. #!.


You could see a ball python.

Vanquished Creatures
  A phantom (D:4)
  2 ogres
  Crazy Yiuf (D:2)
  An orc priest (D:3)
  2 worker ants (D:4)
  Jessica (D:2)
  10 adders
  A worm (D:2)
  A giant gecko (D:4)
  3 orcs (D:3)
  A bat skeleton (D:4)
  A giant cockroach (D:2)
  6 hobgoblins
  A jackal (D:3)
  8 kobolds
  A quokka (D:1)
  7 bats
  2 giant newts (D:2)
  4 goblins
  10 rats
  A rat skeleton (D:4)
65 creatures vanquished.

Notes
Turn   | Place    | Note
--------------------------------------------------------------
     0 | D:1      | Lekart, the Draconian Chaos Knight, began the quest for the Orb.
     0 | D:1      | Reached XP level 1. HP: 17/17 MP: 1/1
   251 | D:1      | Reached XP level 2. HP: 24/24 MP: 2/2
   299 | D:1      | XOM: silly message
   652 | D:2      | Noticed Jessica
   654 | D:2      | Killed Jessica
   654 | D:2      | Reached XP level 3. HP: 30/30 MP: 3/3
   893 | D:2      | Reached skill level 1 in Unarmed Combat
   918 | D:2      | Reached XP level 4. HP: 20/37 MP: 4/4
   953 | D:2      | Reached skill level 4 in Fighting
  1070 | D:2      | XOM: harmless Hex miscast
  1162 | D:2      | XOM: harmless Erth miscast
  1211 | D:2      | Noticed Crazy Yiuf
  1218 | D:2      | Killed Crazy Yiuf
  1291 | D:3      | XOM: colour smoke trail
  1321 | D:3      | Reached XP level 5. HP: 33/44 MP: 5/5
  1357 | D:3      | XOM: confuse monster(s)
  1715 | D:3      | XOM: colour smoke trail
  1741 | D:3      | XOM: severe Necr miscast
  1853 | D:3      | Noticed an ogre
  1859 | D:3      | Killed an ogre
  1859 | D:3      | Reached XP level 6. HP: 44/51 MP: 6/6
  2326 | D:4      | XOM: god gift: brass wand {god gift}
  2328 | D:4      | XOM: silly message
  2339 | D:4      | XOM: give mutations
  2339 | D:4      | Gained mutation: You heal slowly. [Xom's mischief]
  2339 | D:4      | Gained mutation: You are clumsy (Dex -1). [Xom's mischief]
  2339 | D:4      | Gained mutation: You have a pair of small horns on your head. [Xom's mischief]
  2352 | D:4      | XOM: divination: detect creatures
  2362 | D:4      | Reached skill level 5 in Fighting
  2521 | D:4      | XOM: noise
  2595 | D:4      | XOM: confusion (+ monsters)
  2599 | D:4      | Your scales start taking on a golden yellow colour.
  2599 | D:4      | Reached XP level 7. HP: 11/58 MP: 7/7
  2731 | D:4      | XOM: medium Necr miscast
  2732 | D:4      | Noticed a shadow
  2732 | D:4      | Noticed a shadow
  2741 | D:4      | XOM: cast spell 'Statue Form'
  2742 | D:4      | Slain by a shadow

Action                   |  1- 3 |  4- 6 |  7- 9 || total
-------------------------+-------+-------+-------++-------
Melee: Hand axe          |    81 |   135 |     6 ||   222
Evoke: Wand              |       |     2 |       ||     2
  Use: Potion            |     2 |     2 |       ||     4
       Scroll            |       |     5 |     1 ||     6
 Stab: Sleeping          |     2 |     1 |       ||     3
       Paralysed         |       |     5 |       ||     5
